 Dungeon Crawl Stone Soup version 0.31.0-11-ge490571c62 (webtiles) character file.

Game seed: 4238667825207327098

174 Bobbunny the Trooper (level 5, -1/55 HPs)
             Began as an Oni Brigand on Feb 2, 2024.
             Was an Initiate of Okawaru.
             Slain by Duvessa
             ... wielding a +0 short sword
              (14 damage)
             ... on level 4 of the Dungeon.
             The game lasted 00:02:53 (2435 turns).

Bobbunny the Trooper (Oni Brigand)                  Turns: 2435, Time: 00:02:54

Health: -1/55      AC:  5    Str: 17    XL:     5   Next: 54%
Magic:  5/5        EV:  9    Int: 12    God:    Okawaru [......]
Gold:   90         SH:  0    Dex: 12    Spells: 4/4 levels left

rFire   x . .        y - +5 war axe of Arrival {venom, rF- rC+ Dex+2}
rCold   + . .        (no shield)
rNeg    . . .        b - +0 robe
rPois   .            (helmet restricted)
rElec   .            s - +1 cloak
rCorr   .            (gloves unavailable)
SInv    .            (boots unavailable)
Will    .....        (no amulet)
Stlth   ++           a - +4 ring of slaying
HPRegen 0.29/turn    (no ring)
MPRegen 0.09/turn

%: no passive effects
@: lethally poisoned (-1 -> -3)
A: large, unfitting armour, horns 1, tough skin 1, double potion healing,
drunken brawling
a: Renounce Religion


You were on level 4 of the Dungeon.
You worshipped Okawaru.
Okawaru was noncommittal.
You visited 1 branch of the dungeon, and saw 4 of its levels.

You collected 90 gold pieces.

Inventory:

Hand Weapons
 j - a +0 whip
 y - the +5 war axe of Arrival (weapon) {venom, rF- rC+ Dex+2}
   (You found it on level 4 of the Dungeon)

   Dex+2:     It affects your dexterity (+2).
   rF-:       It makes you vulnerable to fire.
   rC+:       It protects you from cold.
Missiles
 e - 3 curare-tipped darts (quivered)
 f - 16 poisoned darts
Armour
 b - a +0 robe (worn)
 c - a +0 cloak
 s - a +1 cloak (worn)
Jewellery
 a - a +4 ring of slaying (left hand)
 w - an amulet of guardian spirit
Scrolls
 d - 4 scrolls of identify {unknown}
 g - a scroll of silence {unknown}
 l - a scroll of enchant weapon {unknown}
 m - a scroll of fog {unknown}
 n - a scroll of enchant armour {unknown}
 o - a scroll of immolation {unknown}
 q - 2 scrolls of teleportation {unknown}
 v - a scroll of torment {unknown}
Potions
 h - 2 potions of heal wounds {unknown}
 i - 2 potions of enlightenment {unknown}
 k - a potion of ambrosia {unknown}
 p - a potion of degeneration {unknown}
 r - a potion of attraction {unknown}
 t - a potion of lignification {unknown}
 u - a potion of magic {unknown}
 x - 2 potions of curing {unknown}
 z - 2 potions of might {unknown}


   Skills:
 + Level 4.9 Fighting
 - Level 1.7 Short Blades
 + Level 2.3 Maces & Flails
 + Level 3.6 Throwing
 - Level 1.0 Dodging
 - Level 2.9 Stealth


You had 4 spell levels left.
You didn't know any spells.
Your spell library contained the following spells:

 Spells                   Type           Power      Damage    Failure   Level
 Sting                    Conj/Alch      0%         1d3       32%         1
 Mercury Vapours          Alch/Air       0%         N/A       45%         2
 Dazzling Flash           Conj/Hex       0%         N/A       69%         3
 Volatile Blastmotes      Fire/Tloc      0%         2d10      69%         3
 Olgreb's Toxic Radiance  Alch           0%         N/A       97%         4
 Starburst                Conj/Fire      0%         6d3       100%        6
 Maxwell's Capacitive Co  Air            0%         ∞         100%        8


Dungeon Overview and Level Annotations

Branches:
Dungeon (4/15)
 Temple: D:4-7

Altars:
Okawaru

Annotations:
D:4 Duvessa


Innate Abilities, Weirdness & Mutations

You are too large for most types of armour.
You have a pair of small horns on your head.
You have tough skin. (AC +1)
You gain doubled healing and magic from potions.
Whenever you drink a healing potion, you attack all around you.


Message History

The puff of frost misses you.
You hit Dowan.
Dowan is lightly wounded.
Dowan casts a spell at Duvessa.
Duvessa seems to speed up.
You feel agile.
The +5 war axe of Arrival {venom, rF- rC+ Dex+2} begins to drip with poison!
y - the +5 war axe of Arrival (weapon)
{venom, rF- rC+ Dex+2} You slash Dowan!
Dowan is poisoned.
Dowan is heavily wounded.
Duvessa barely misses you.
Dowan gestures wildly while chanting.
Dowan blinks!
You miss Dowan. You punch Dowan.
Dowan is severely wounded.
You hit Duvessa but do no damage.
Duvessa is poisoned.
Duvessa barely misses you. Dowan hits you but does no damage.
You are poisoned.
Duvessa hits you with a +0 short sword.
You hit Duvessa but do no damage. You slash Dowan!
You kill Dowan!
Okawaru accepts your kill.
Duvessa weeps, and shakes her weapon.
Duvessa goes berserk!
You feel very sick. Duvessa completely misses you.
Duvessa hits you with a +0 short sword.
You slash Duvessa!
Duvessa looks as sick as possible!
Duvessa is moderately wounded.
You feel very sick.
Duvessa hits you with a +0 short sword. x2
You hit Duvessa but do no damage.
Duvessa looks as sick as possible!
Duvessa is heavily wounded.
You feel sick. Duvessa hits you with a +0 short sword.
Duvessa hits you with a +0 short sword!
You hit Duvessa.
Duvessa looks as sick as possible!
You headbutt Duvessa!
Duvessa is severely wounded.
You feel sick. Duvessa hits you with a +0 short sword!
* * * LOW HITPOINT WARNING * * *
Duvessa hits you with a +0 short sword!
You die...

#.#)#.# ##...##
#.#.###.# #.#.#.#
##+## #.#.# #.#
#.#.#.# #...# #.#
....# #..## #.#
#..# #.# #
#..####.# #..
#.......#
.....######.######
#...e@)...#
#.#########


You could see Duvessa (berserk, fast, extremely poisoned).

Vanquished Creatures
  Dowan (D:4)
  An iguana (D:4)
  3 adders (D:2)
  2 dart slugs (D:3)
  A ribbon worm (D:3)
  2 orcs (D:4)
  4 endoplasms
  A giant cockroach (D:3)
  4 goblins
  8 hobgoblins
  8 jackals
  5 ball pythons
  6 bats
  3 frilled lizards
  6 kobolds
  8 rats
63 creatures vanquished.

Notes
Turn   | Place    | Note
-------+----------+-------------------------------------------
     0 | D:1      | Bobbunny the Oni Brigand began the quest for the Orb.
     0 | D:1      | Reached XP level 1. HP: 22/22 MP: 1/1
   138 | D:1      | Reached skill level 1 in Dodging
   208 | D:1      | Reached skill level 3 in Fighting
   219 | D:1      | Reached XP level 2. HP: 31/31 MP: 2/2
   779 | D:1      | Reached XP level 3. HP: 37/37 MP: 3/3
   966 | D:2      | Reached skill level 1 in Maces & Flails
   995 | D:2      | Reached skill level 4 in Fighting
  1052 | D:2      | Found a faded altar of an unknown god.
  1237 | D:2      | Reached XP level 4. HP: 48/48 MP: 4/4
  1721 | D:3      | Found an iron altar of Okawaru.
  1741 | D:3      | Became a worshipper of Warmaster Okawaru
  2183 | D:4      | Reached XP level 5. HP: 43/55 MP: 5/5
  2384 | D:4      | Identified the +5 war axe of Arrival {venom, rF- rC+ Dex+2}
  2423 | D:4      | Noticed Dowan
  2424 | D:4      | Noticed Duvessa
  2432 | D:4      | Killed Dowan
  2435 | D:4      | Slain by Duvessa

Illustrated notes

Levels and vault maps discovered:
D:1:      eino_arrival_tree_alley, layout_basic, hex_intersection,
          minmay_split_cup_small
D:2:      minmay_alternating_diamond, layout_loops_cross, basic_ecumenical_altar
D:3:      layout_rooms, okawaru_trees_1
D:4:      layout_loops_corners, uniq_duvessa

Skill      XL: |  1  2  3  4 |
---------------+-------------+-----
Dodging        | 1 |  1.0
Fighting       | 3 4 |  4.9
Maces & Flails | 1 2 |  2.3
Throwing       | 3 |  3.6
Short Blades   | |  1.7
Stealth        | |  2.9

Action                     |  1- 3 |  4- 6 || total
---------------------------+-------+-------++-------
  Melee: Dagger            |    32 |       ||    32
         Headbutt          |    23 |    14 ||    37
         Whip              |    62 |    81 ||   143
         Club              |    19 |       ||    19
         War axe           |       |     6 ||     6
         Punch             |       |     2 ||     2
   Stab: Sleeping          |     7 |     2 ||     9
 Armour: Robe              |    82 |    57 ||   139
  Dodge: Dodged            |    60 |    48 ||   108
